 Dungeon Crawl Stone Soup version 0.28.0-56-g4927b6849a (webtiles) character file.

Game seed: 16119345154757464435

108 Atelerd the Sneak (level 4, -6/27 HPs)
             Began as an Octopode Earth Elementalist on Feb 1, 2023.
             Mangled by a steam dragon (11 damage)
             ... on level 3 of the Dungeon.
             The game lasted 00:01:31 (3844 turns).

Atelerd the Sneak (Octopode Earth Elementalist)     Turns: 3844, Time: 00:01:32

Health: -6/27      AC:  1    Str:  7    XL:     4   Next: 87%
Magic:  8/8        EV: 13    Int: 19    God:
Gold:   130        SH:  0    Dex: 12    Spells: 7/8 levels left

rFire   . . .      SeeInvis .   h - +1 short sword (protect)
rCold   . . .      Faith    .   (no shield)
rNeg    . . .      Spirit   .   (helmet restricted)
rPois   .          Reflect  .   (no amulet)
rElec   .          Harm     .   (no ring)
rCorr   .          Rampage  .   (no ring)
Will    .....                   (no ring)
Stlth   +++.......              (no ring)
HPRegen 0.09/turn               (no ring)
MPRegen 0.11/turn               (no ring)
                                (no ring)
                                (no ring)

@: no status effects
A: almost no armour, amphibious, 8 rings, camouflage 1, gelatinous body 1,
(nimble swimmer 1), tentacles
a: no special abilities


You were on level 3 of the Dungeon.
You visited 1 branch of the dungeon, and saw 4 of its levels.

You collected 130 gold pieces.

Inventory:

Hand Weapons
 d - a +0 rapier
 h - a +1 short sword of protection (weapon)
Missiles
 b - 55 stones
Jewellery
 e - a +6 ring of strength
Scrolls
 a - 2 scrolls of amnesia {unknown}
 c - 2 scrolls of vulnerability {unknown}
 i - a scroll of enchant weapon {unknown}
 j - a scroll of identify {unknown}
 l - a scroll of blinking {unknown}
Potions
 f - a potion of mutation {unknown}
 g - 2 potions of curing
 k - a potion of degeneration {unknown}


   Skills:
 - Level 2.0 Dodging
 + Level 4.2 Stealth
 + Level 2.7 Spellcasting
 + Level 2.3 Transmutations
 + Level 3.7 Earth Magic


You had 7 spell levels left.
You knew the following spells:

 Your Spells              Type           Power      Damage    Failure   Level
a - Sandblast             Erth           32%        2d9       3%          1

Your spell library contained the following spells:

 Spells                   Type           Power      Damage    Failure   Level
 Beastly Appendage        Tmut           22%        N/A       6%          1
 Passwall                 Tmut/Erth      11%        N/A       7%          2
 Wereblood                Tmut           11%        N/A       9%          2
 Stone Arrow              Conj/Erth      18%        3d8       22%         3
 Spider Form              Tmut/Pois      7%         N/A       28%         3
 Ignite Poison            Fire/Tmut/Pois 5%         N/A       34%         3
 Petrify                  Tmut/Erth      14%        N/A       41%         4
 Mephitic Cloud           Conj/Pois/Air  2%         N/A       43%         3
 Freezing Cloud           Conj/Ice/Air   1%         6-21      99%         5


Dungeon Overview and Level Annotations

Branches:
Dungeon (4/15)
 Temple: D:4-7

Altars:
Elyvilon


Innate Abilities, Weirdness & Mutations

You cannot wear most types of armour.
You are amphibious.
You can wear up to eight rings at the same time.
Your skin changes colour to match your surroundings (Stealth+).
Your rubbery body absorbs attacks. (AC +1, EV +1)
((You are camouflaged when in or above water. (Stealth+)))
You have tentacles for arms and can constrict up to eight enemies at once.


Message History

The helpless steam dragon fails to defend itself.
You hit the steam dragon.
Your weapon exudes an aura of protection.
You squeeze the steam dragon.
The steam dragon is moderately wounded.
The steam dragon breathes steam at you. The ball of steam misses you.
The orc priest shouts!
The orc wizard shouts!
The orc shouts! x2
You hit the steam dragon but do no damage.
The steam dragon is moderately wounded.
You are engulfed in a cloud of scalding steam.
The steam dragon barely misses you. The steam dragon claws you.
You're standing in a cloud of steam!
You're standing in a cloud of steam!
You're standing in a cloud of steam!
You're standing in a cloud of steam!
You are engulfed in a cloud of scalding steam.
The steam dragon bites you but does no damage.
The steam dragon barely misses you.
The orc wizard gestures wildly while chanting.
The orc wizard flickers and vanishes!
Deactivating autopickup; reactivate with Ctrl-A.
You climb upwards.
Reactivating autopickup.
There is a stone staircase leading down here.
Unknown command.
Unknown command.
You aren't carrying any items that you can evoke.
Okay, then.
Okay, then.
You aren't carrying any items that you can evoke.
Unknown command.
It was a potion of curing.
You feel better. The steam dragon breathes steam at you.
The ball of steam hits you!
Ouch! That really hurt!
* * * LOW HITPOINT WARNING * * *
Okay, then.
The steam dragon bites you!
You die...

...####.........###....#..#
......'.........'.........#
...####.........####...#.##
..## ##.......## ##.##.#
.## ##.....## #####.#### .#
##...## #........# .# ##'##
#.###.##.# .#
#.########.##..##.# ##
#.....@D##.##.###.# #
##.#####§##.##.# #.# #
###...####§##.##.###.# #
#.......##§##........# #
#.#...#.##.#####.#####
########.##.##>.........#
.........##.......#######
###########.####### #.#


You could see a steam dragon (catching breath).

Vanquished Creatures
  6 adders (D:2)
  2 dart slugs (D:1)
  5 ball pythons
  5 endoplasms
  3 giant cockroaches (D:2)
  2 goblins
  8 hobgoblins
  3 quokkas
  3 bats
  8 frilled lizards
  3 kobolds
  4 rats
52 creatures vanquished.

Notes
Turn   | Place    | Note
-------+----------+-------------------------------------------
     0 | D:1      | Atelerd the Octopode Earth Elementalist began the quest for
                  | the Orb.
     0 | D:1      | Reached XP level 1. HP: 11/11 MP: 3/3
   197 | D:1      | Reached skill level 3 in Stealth
   228 | D:1      | Reached XP level 2. HP: 17/17 MP: 3/5
  1118 | D:1      | Found a faded altar of an unknown god.
  1679 | D:2      | Reached XP level 3. HP: 21/21 MP: 6/6
  1970 | D:2      | Reached XP level 4. HP: 27/27 MP: 5/7
  2267 | D:2      | Reached skill level 4 in Stealth
  2427 | D:2      | Identified the -6 helmet of the Poles {Str+2 Dex+4}
  3262 | D:3      | Found a white marble altar of Elyvilon.
  3838 | D:4      | Noticed a steam dragon
  3844 | D:3      | Mangled by a steam dragon

Illustrated notes

Levels and vault maps discovered:
D:1:      dpeg_arrival_concentric_ovals, layout_basic,
          shapermc_ecumenical_altar_petra, nicolae_figureground_sparkle
D:2:      layout_loops_corners
D:3:      layout_loops_corners, lemuel_doored_altar
D:4:      layout_gridville, minmay_temple_entry_fiery,
          ebering_dispersal_statue_hall, uniq_robin

Skill      XL: |  1  2  3  4 |
---------------+-------------+-----
Stealth        | 3 4 |  4.2
Transmutations | 2 |  2.3
Dodging        | |  2.0
Spellcasting   | |  2.7
Earth Magic    | |  3.7

Action                   |  1- 3 |  4- 6 || total
-------------------------+-------+-------++-------
Melee: Unarmed           |     6 |       ||     6
       Constrict         |     9 |    12 ||    21
       Rapier            |    19 |     1 ||    20
       Tentacles         |     2 |    13 ||    15
       Short sword       |       |    41 ||    41
       Punch             |       |     1 ||     1
 Cast: Sandblast         |    23 |     8 ||    31
  Use: Potion            |       |     1 ||     1
 Stab: Sleeping          |     4 |     7 ||    11
Armor: Skin              |     2 |     4 ||     6
Dodge: Dodged            |    29 |    21 ||    50
